ACL
ACL NEW YORK (N) METS @ ACL CAROLINA CATAMOUNTS
06/08/2042
 
TOP OF THE 1ST
ACL New York (N) Mets batting - Pitching for ACL Carolina Catamounts : LHP Greg Johnson
Pitching: LHP Greg Johnson
Batting: RHB Jim Unknown 0-0: Ground out 4-3 (Groundball, 4, EV 103.8 MPH)
Batting: LHB Jim Unknown 0-0: Called Strike
0-1: Called Strike
0-2: Ball
1-2: Ball
2-2: Strikes out swinging
Batting: RHB Andy Wooten 0-0: Called Strike
0-1: Swinging Strike
0-2: Ball
1-2: Strikes out swinging
Top of the 1st over - 0 runs, 0 hits, 0 errors, 0 left on base; ACL New York (N) 0 - ACL Carolina 0
BOTTOM OF THE 1ST
ACL Carolina Catamounts batting - Pitching for ACL New York (N) Mets : LHP Jim Unknown
Pitching: LHP Jim Unknown
Batting: LHB Jamie Robinson 0-0: Foul Ball, location: 5F
0-1: Ball
1-1: Called Strike
1-2: Strikes out looking
Batting: RHB Jesús García 0-0: Foul Ball, location: 2F
0-1: Ball
1-1: Ball
2-1: Ground out 5-3 (Groundball, 56S, EV 70.0 MPH)
Batting: RHB Robbie Caballero 0-0: Ball
1-0: Fly out, F9 (Line Drive, 9, EV 90.0 MPH)
Bottom of the 1st over - 0 runs, 0 hits, 0 errors, 0 left on base; ACL New York (N) 0 - ACL Carolina 0
TOP OF THE 2ND
ACL New York (N) Mets batting - Pitching for ACL Carolina Catamounts : LHP Greg Johnson
Batting: RHB Jarrod Pittman 0-0: Called Strike
0-1: Ball
1-1: Ball
2-1: Ball
3-1: Foul Ball, location: 3F
3-2: Strikes out swinging
Batting: RHB Jim Unknown 0-0: Ball
1-0: Ball
2-0: Swinging Strike
2-1: Ground out 6-3 (Groundball, 6, EV 88.1 MPH)
Batting: RHB Jim Unknown 0-0: DOUBLE (Line Drive, 7LM, EV 105.6 MPH)
Batting: LHB Jim Unknown 0-0: Ball
1-0: Ball
2-0: Ball
3-0: Called Strike
3-1: Ground out U3 (Groundball, 34, EV 105.6 MPH)
Top of the 2nd over - 0 runs, 1 hit, 0 errors, 1 left on base; ACL New York (N) 0 - ACL Carolina 0
BOTTOM OF THE 2ND
ACL Carolina Catamounts batting - Pitching for ACL New York (N) Mets : LHP Jim Unknown
Batting: RHB Rex Cahill 0-0: Called Strike
0-1: Ball
1-1: Swinging Strike
1-2: Strikes out swinging
Batting: LHB Gene Monroe 0-0: Called Strike
0-1: SOLO HOME RUN (Flyball, 7D, EV 99.4 MPH), Distance : 383 ft
Batting: RHB Ferdinand Maes 0-0: Ball
1-0: Called Strike
1-1: Called Strike
1-2: Foul Ball, location: 5FF
1-2: Ball
2-2: Foul Ball, location: 3F
2-2: Ground out 1-3 (Groundball, 13S, EV 63.8 MPH)
Batting: LHB Jonathan McKee 0-0: Ball
1-0: Foul Ball, location: 2F
1-1: Ball
2-1: Ball
3-1: Base on Balls
Batting: RHB Lonnie McLaughlin 0-0: Foul Ball, location: 2F
0-1: Ball
1-1: Ball
2-1: Ball
3-1: Swinging Strike
3-2: Foul Ball, location: 7LMF
3-2: Base on Balls
Jonathan McKee to second
Batting: LHB Phil Wilson 0-0: Foul Ball, location: 2F
0-1: SINGLE (Line Drive, 78M, EV 108.1 MPH)
Jonathan McKee to third
Lonnie McLaughlin to second
Runner from 3rd tries for Home, SAFE, throw by CF to home
Batting: LHB Jamie Robinson 0-0: Ball
1-0: Called Strike
1-1: Ball
2-1: Ball
3-1: Base on Balls
Lonnie McLaughlin to third
Phil Wilson to second
Batting: RHB Jesús García 0-0: Ball
1-0: Ball
2-0: Fielders Choice at 2nd, 6-4 (Groundball, 6, EV 90.0 MPH)
Bottom of the 2nd over - 2 runs, 2 hits, 0 errors, 3 left on base; ACL New York (N) 0 - ACL Carolina 2
TOP OF THE 3RD
ACL New York (N) Mets batting - Pitching for ACL Carolina Catamounts : LHP Greg Johnson
Batting: RHB Jim Unknown 0-0: Ground out 4-3 (Groundball, 4M, EV 90.0 MPH)
Batting: LHB Jim Unknown 0-0: Called Strike
0-1: Ball
1-1: Swinging Strike
1-2: Strikes out swinging
Batting: RHB Jim Unknown 0-0: Ball
1-0: Ball
2-0: Fly out, F9 (Flyball, 89D, EV 80.0 MPH)
Top of the 3rd over - 0 runs, 0 hits, 0 errors, 0 left on base; ACL New York (N) 0 - ACL Carolina 2
BOTTOM OF THE 3RD
ACL Carolina Catamounts batting - Pitching for ACL New York (N) Mets : LHP Jim Unknown
Batting: RHB Robbie Caballero 0-0: Ball
1-0: Ball
2-0: Ball
3-0: Base on Balls
Batting: RHB Rex Cahill 0-0: Called Strike
0-1: Foul Ball, location: 9LSF
0-2: Ball
1-2: Strikes out swinging
Batting: LHB Gene Monroe 0-0: Called Strike
0-1: Ball
1-1: Ball
2-1: Foul Ball, location: 3F
2-2: Foul Ball, location: 2F
2-2: Strikes out swinging
Batting: RHB Ferdinand Maes 0-0: Ball
1-0: Ground out 1-3 (Groundball, 13, EV 70.6 MPH)
Bottom of the 3rd over - 0 runs, 0 hits, 0 errors, 1 left on base; ACL New York (N) 0 - ACL Carolina 2
TOP OF THE 4TH
ACL New York (N) Mets batting - Pitching for ACL Carolina Catamounts : LHP Greg Johnson
Batting: LHB Jim Unknown 0-0: Ball
1-0: Foul Ball, location: 7LMF
1-1: SOLO HOME RUN (Flyball, 9D, EV 95.6 MPH), Distance : 360 ft
Batting: RHB Andy Wooten 0-0: SINGLE (Groundball, 4MD, EV 96.9 MPH)
Batting: RHB Jarrod Pittman 0-0: Bunt - Flyout to 23! F3
Batting: RHB Jim Unknown 0-0: Called Strike
0-1: Ball
1-1: Ball
2-1: Ball
3-1: Fly out, F9 (Line Drive, 9, EV 93.1 MPH)
Batting: RHB Jim Unknown 0-0: Ball
1-0: Ball
2-0: Foul Ball, location: 9LMF
2-1: Swinging Strike
2-2: Foul Ball, location: 2F
2-2: Fielders Choice at 2nd, 6-4 (Groundball, 6, EV 105.0 MPH)
Top of the 4th over - 1 run, 2 hits, 0 errors, 1 left on base; ACL New York (N) 1 - ACL Carolina 2
BOTTOM OF THE 4TH
ACL Carolina Catamounts batting - Pitching for ACL New York (N) Mets : LHP Jim Unknown
Batting: LHB Jonathan McKee 0-0: Called Strike
0-1: SINGLE (Line Drive, 6MD, EV 98.1 MPH)
Batting: RHB Lonnie McLaughlin 0-0: Ball
1-0: Called Strike
1-1: Bunt missed!
1-2: Ball
2-2: Hit by Pitch
Jonathan McKee to second
Batting: LHB Phil Wilson 0-0: Reached on error, E3 (Groundball, 3S, EV 0.0 MPH)
Jonathan McKee scores
Lonnie McLaughlin to third
Batting: LHB Jamie Robinson 0-0: Ball
1-0: Ball
2-0: Foul Ball, location: 5DF
2-1: Ball
3-1: Base on Balls
Batting: RHB Jesús García 0-0: Called Strike
0-1: Foul Ball, location: 9LDF
0-2: Ball
1-2: GRAND SLAM HOME RUN (Flyball, 9LD, EV 93.1 MPH), Distance : 348 ft
Pitching: RHP Jim Unknown
Batting: RHB Robbie Caballero 0-0: SINGLE (Line Drive, 9S, EV 96.9 MPH)
Batting: RHB Rex Cahill 0-0: Foul Ball, location: 25F
0-1: Ball
1-1: 2-RUN HOME RUN (Flyball, 7LD, EV 95.0 MPH), Distance : 352 ft
Batting: LHB Gene Monroe 0-0: Called Strike
0-1: Hit by Pitch, AND HE CHARGES THE MOUND! The benches clear!
Pitching: RHP Jim Unknown
Pinch Runner at 1st Bob Cunningham:
Batting: RHB Ferdinand Maes 0-0: Foul Ball, location: 2F
0-1: Ball
1-1: Ball
2-1: Ball
3-1: Base on Balls
Bob Cunningham to second
Batting: LHB Jonathan McKee 0-0: Called Strike
0-1: Ball
1-1: Ball
2-1: Foul Ball, location: 2F
2-2: Foul Ball, location: 2F
2-2: Strikes out looking
Batting: RHB Lonnie McLaughlin 0-0: Foul Ball, location: 3SF
0-1: Ball
1-1: Foul Ball, location: 5F
1-2: Strikes out looking
Batting: LHB Phil Wilson 0-0: Ball
1-0: Ball
2-0: Ball
3-0: Base on Balls
Bob Cunningham to third
Ferdinand Maes to second
Batting: LHB Jamie Robinson 0-0: Foul Ball, location: 23F
0-1: Ball
1-1: Ball
2-1: Ball
3-1: Base on Balls
Bob Cunningham scores
Ferdinand Maes to third
Phil Wilson to second
Batting: RHB Jesús García 0-0: Ball
1-0: Ball
2-0: Called Strike
2-1: Ball
3-1: Base on Balls
Ferdinand Maes scores
Phil Wilson to third
Jamie Robinson to second
Batting: RHB Robbie Caballero 0-0: Called Strike
0-1: Ball
1-1: Ball
2-1: Foul Ball, location: 23F
2-2: Foul Ball, location: 2F
2-2: Ball
3-2: Base on Balls
Phil Wilson scores
Jamie Robinson to third
Jesús García to second
Batting: RHB Rex Cahill 0-0: Ball
1-0: Foul Ball, location: 9LDF
1-1: Ball
2-1: Ball
3-1: Base on Balls
Jamie Robinson scores
Jesús García to third
Robbie Caballero to second
Batting: RHB Bob Cunningham 0-0: Ground out 1-3 (Groundball, 13S, EV 73.1 MPH)
Bottom of the 4th over - 11 runs, 4 hits, 1 error, 3 left on base; ACL New York (N) 1 - ACL Carolina 13
TOP OF THE 5TH
ACL New York (N) Mets batting - Pitching for ACL Carolina Catamounts : LHP Greg Johnson
Now in LF: Bob Cunningham
Batting: LHB Jim Unknown 0-0: DOUBLE (Flyball, 8LXD, EV 105.0 MPH)
Batting: RHB Jim Unknown 0-0: Ball
1-0: Ball
2-0: Fly out, F4 (Flyball, 4MD, EV 95.6 MPH)
Batting: LHB Jim Unknown 0-0: Called Strike
0-1: Swinging Strike
0-2: Strikes out swinging
Batting: RHB Jim Unknown 0-0: Called Strike
0-1: Ball
1-1: Ball
2-1: Ball
3-1: Ground out 4-3 (Groundball, 4, EV 87.5 MPH)
Top of the 5th over - 0 runs, 1 hit, 0 errors, 1 left on base; ACL New York (N) 1 - ACL Carolina 13
BOTTOM OF THE 5TH
ACL Carolina Catamounts batting - Pitching for ACL New York (N) Mets : RHP Jim Unknown
Batting: RHB Ferdinand Maes 0-0: Foul Ball, location: 7LMF
0-1: Ball
1-1: Ball
2-1: Ball
3-1: Base on Balls
Batting: LHB Jonathan McKee 0-0: DOUBLE (Line Drive, 7LM, EV 105.6 MPH)
Ferdinand Maes to third
Batting: RHB Lonnie McLaughlin 0-0: Ball
1-0: Foul Ball, location: 2F
1-1: Called Strike
1-2: Foul Ball, location: 2F
1-2: Strikes out looking
Batting: LHB Phil Wilson 0-0: Foul Ball, location: 2F
0-1: Ball
1-1: Foul Ball, location: 2F
1-2: Strikes out swinging
Batting: LHB Jamie Robinson 0-0: Called Strike
0-1: Ball
1-1: Fly out, F8 (Flyball, 8RD, EV 98.8 MPH)
Bottom of the 5th over - 0 runs, 1 hit, 0 errors, 2 left on base; ACL New York (N) 1 - ACL Carolina 13
TOP OF THE 6TH
ACL New York (N) Mets batting - Pitching for ACL Carolina Catamounts : LHP Greg Johnson
Batting: LHB Jim Unknown 0-0: Swinging Strike
0-1: Swinging Strike
0-2: Strikes out looking
Batting: RHB Andy Wooten 0-0: Ball
1-0: Ball
2-0: Ball
3-0: Base on Balls
Batting: RHB Jarrod Pittman 0-0: Ball
1-0: Ball
2-0: Ball
3-0: Base on Balls
Andy Wooten to second
Batting: RHB Jim Unknown 0-0: Ball
1-0: Foul Ball, location: 3F
1-1: Ball
2-1: Foul Ball, location: 2F
2-2: Foul Ball, location: 2F
2-2: Fly out, F9 (Flyball, 89M, EV 91.3 MPH)
Lined into DP, 9-6 (Flyball, 89M, EV 91.3 MPH)
Top of the 6th over - 0 runs, 0 hits, 0 errors, 1 left on base; ACL New York (N) 1 - ACL Carolina 13
BOTTOM OF THE 6TH
ACL Carolina Catamounts batting - Pitching for ACL New York (N) Mets : RHP Jim Unknown
Pitching: RHP Jim Unknown
Batting: RHB Jesús García 0-0: Ball
1-0: Ball
2-0: Foul Ball, location: 2F
2-1: Ball
3-1: Base on Balls
Batting: RHB Robbie Caballero 0-0: Ball
1-0: Ball
2-0: Ball
3-0: Base on Balls
Jesús García to second
Batting: RHB Rex Cahill 0-0: Ball
1-0: Called Strike
1-1: Swinging Strike
1-2: Ball
2-2: Strikes out swinging
Batting: RHB Bob Cunningham 0-0: Called Strike
0-1: Ball
1-1: Foul Ball, location: 9LMF
1-2: Ball
2-2: Strikes out swinging
Batting: RHB Ferdinand Maes 0-0: Foul Ball, location: 2F
0-1: 3-RUN HOME RUN (Flyball, 7D, EV 103.1 MPH), Distance : 374 ft
Batting: LHB Jonathan McKee 0-0: Ball
1-0: Called Strike
1-1: Called Strike
1-2: Ball
2-2: Ball
3-2: Foul Ball, location: 7LMF
3-2: Strikes out looking
Bottom of the 6th over - 3 runs, 1 hit, 0 errors, 0 left on base; ACL New York (N) 1 - ACL Carolina 16
TOP OF THE 7TH
ACL New York (N) Mets batting - Pitching for ACL Carolina Catamounts : LHP Greg Johnson
Pinch Hitting: RHB Jim Unknown 0-0: Called Strike
0-1: Ball
1-1: Swinging Strike
1-2: Ball
2-2: Foul Ball, location: 9LSF
2-2: Strikes out swinging
Pinch Hitting: RHB Jim Unknown 0-0: Ball
1-0: Ground out 6-3 (Groundball, 6, EV 105.6 MPH)
Batting: RHB Jim Unknown 0-0: Swinging Strike
0-1: Ball
1-1: SINGLE (Line Drive, 9S, EV 99.4 MPH)
Batting: LHB Jim Unknown 0-0: Called Strike
0-1: Swinging Strike
0-2: Strikes out swinging
Top of the 7th over - 0 runs, 1 hit, 0 errors, 1 left on base; ACL New York (N) 1 - ACL Carolina 16
BOTTOM OF THE 7TH
ACL Carolina Catamounts batting - Pitching for ACL New York (N) Mets : RHP Jim Unknown
Now at 1B: Jim Unknown
Now at SS: Jim Unknown
Batting: RHB Lonnie McLaughlin 0-0: Swinging Strike
0-1: Called Strike
0-2: Ball
1-2: Ball
2-2: Ball
3-2: Base on Balls
Batting: LHB Phil Wilson 0-0: Called Strike
0-1: Foul Ball, location: 2F
0-2: Ball
1-2: Strikes out looking
Batting: LHB Jamie Robinson 0-0: SINGLE (Line Drive, 78S, EV 96.3 MPH)
Lonnie McLaughlin to second
Batting: RHB Jesús García 0-0: Called Strike
0-1: Swinging Strike
0-2: Ball
1-2: Ball
2-2: Strikes out swinging
Batting: RHB Robbie Caballero 0-0: Called Strike
0-1: Ball
1-1: Foul Ball, location: 2F
1-2: Ball
2-2: Fly out, F8 (Flyball, 89S, EV 91.9 MPH)
Bottom of the 7th over - 0 runs, 1 hit, 0 errors, 2 left on base; ACL New York (N) 1 - ACL Carolina 16
TOP OF THE 8TH
ACL New York (N) Mets batting - Pitching for ACL Carolina Catamounts : LHP Greg Johnson
Pinch Hitting: LHB Jim Unknown 0-0: Ball
1-0: Called Strike
1-1: Ball
2-1: Foul Ball, location: 2F
2-2: Ball
3-2: Strikes out swinging
Pitching: RHP Ken Ray
Batting: LHB Jim Unknown 0-0: Called Strike
0-1: Foul Ball, location: 2F
0-2: Ball
1-2: Ball
2-2: Foul Ball, location: 7LSF
2-2: Strikes out swinging
Batting: RHB Andy Wooten 0-0: Ball
1-0: Ball
2-0: Called Strike
2-1: Ground out 5-3 (Groundball, 56S, EV 73.8 MPH)
Top of the 8th over - 0 runs, 0 hits, 0 errors, 0 left on base; ACL New York (N) 1 - ACL Carolina 16
BOTTOM OF THE 8TH
ACL Carolina Catamounts batting - Pitching for ACL New York (N) Mets : RHP Jim Unknown
Now in CF: Jim Unknown
Batting: RHB Rex Cahill 0-0: Called Strike
0-1: Called Strike
0-2: Ball
1-2: Ball
2-2: Ball
3-2: Strikes out swinging
Pitching: RHP Jim Unknown
Batting: RHB Bob Cunningham 0-0: Called Strike
0-1: Foul Ball, location: 3F
0-2: Ball
1-2: Ball
2-2: Ball
3-2: Strikes out swinging
Batting: RHB Ferdinand Maes 0-0: Called Strike
0-1: Ball
1-1: Ball
2-1: Called Strike
2-2: Foul Ball, location: 9LSF
2-2: Strikes out swinging
Bottom of the 8th over - 0 runs, 0 hits, 0 errors, 0 left on base; ACL New York (N) 1 - ACL Carolina 16
TOP OF THE 9TH
ACL New York (N) Mets batting - Pitching for ACL Carolina Catamounts : RHP Ken Ray
Pinch Hitting: RHB Jim Unknown 0-0: Swinging Strike
0-1: Ball
1-1: Ball
2-1: Foul Ball, location: 3F
2-2: Ball
3-2: Foul Ball, location: 5F
3-2: Strikes out swinging
Pinch Hitting: SHB Jim Unknown 0-0: Called Strike
0-1: Foul Ball, location: 7LSF
0-2: Foul Ball, location: 2F
0-2: Ball
1-2: Ball
2-2: Ball
3-2: Foul Ball, location: 23F
3-2: Base on Balls
Pinch Hitting: RHB Jim Unknown 0-0: Ball
1-0: Ball
2-0: Fly out, F7 (Flyball, 7LS, EV 78.1 MPH)
Batting: RHB Jim Unknown 0-0: 2-RUN HOME RUN (Flyball, 9D, EV 98.1 MPH), Distance : 359 ft
Batting: RHB Jim Unknown 0-0: Ball
1-0: Ball
2-0: Ball
3-0: Called Strike
3-1: Base on Balls
Batting: RHB Jim Unknown 0-0: Called Strike
0-1: Ball
1-1: Ball
2-1: Foul Ball, location: 2F
2-2: Ground out U3 (Groundball, 13, EV 88.1 MPH)
Top of the 9th over - 2 runs, 1 hit, 0 errors, 1 left on base; ACL New York (N) 3 - ACL Carolina 16
Friday, May 3rd , 2024 - OOTP Baseball 24.10 Build 82